 Dungeon Crawl Stone Soup version 0.30-a0-639-g3916f1956a (webtiles) character file.

Game seed: 5526269582533660828

142235 wormed the Alchemist (level 17, -6/115 HPs)
             Began as an Octopode Transmuter on Jan 15, 2023.
             Was an Initiate of Gozag.
             Killed from afar by an Ice Fiend (73 damage)
             ... with a bolt of cold
             ... in an ice cave.
             The game lasted 00:33:36 (29189 turns).

wormed the Alchemist (Octopode Transmuter)         Turns: 29189, Time: 00:33:36

Health: -6/115     AC: 30    Str: 15    XL:     17   Next: 34%
Magic:  33/33      EV: 33    Int: 38    God:    Gozag
Gold:   2630       SH:  0    Dex: 12    Spells: 20/40 levels left

rFire   . . .      SeeInvis +      - Unarmed
rCold   . . .      Faith    .    (shield currently unavailable)
rNeg    . . .      Spirit   .    (helmet currently unavailable)
rPois   ∞          Reflect  .    e - amulet of regeneration
rElec   +          Harm     .    (no ring)
rCorr   .          Rampage  .    (no ring)
Will    ++...      Clarity  +    A - +6 ring of intelligence
Stlth   +                        B - +4 ring of protection
HPRegen 1.19/turn                w - ring "Kuuhell" {EV+5 Slay+5}
MPRegen 0.23/turn                J - ring of Lepamy {Will+ AC+4 Int+2 SInv}
                                 L - +6 ring of strength
                                 O - +6 ring of intelligence

@: storm-form, gold aura, flying
A: cleaving, insubstantial, flying, almost no armour, amphibious, 8 rings,
(camouflage 1), (gelatinous body 1), (nimble swimmer 1), (tentacles), clarity
a: Blinkbolt, End Transformation, Renounce Religion, Potion Petition, Call
Merchant, Bribe Branch


You were in an ice cave.
You worshipped Gozag.
Gozag was most pleased with you.
You were a lightning-filled tempest!
You visited 5 branches of the dungeon, and saw 27 of its levels.
You also visited: Ice Cave.

You collected 9033 gold pieces.
You spent 4082 gold pieces at shops.
You paid 2321 gold pieces to Gozag.

Inventory:

Missiles
 t - 5 throwing nets
Magical Staves
 C - a staff of air (melded)
Jewellery
 e - an amulet of regeneration (around neck)
 w - the ring "Kuuhell" (on tentacle) {EV+5 Slay+5}
   (You bought it in a shop on level 9 of the Dungeon)

   [ring of evasion]

   EV:        It affects your evasion (+5).
   Slay:      It affects your accuracy & damage with ranged weapons and melee
   (+5).
 A - a +6 ring of intelligence (on tentacle)
 B - a +4 ring of protection (on tentacle)
 J - the ring of Lepamy (on tentacle) {Will+ AC+4 Int+2 SInv}
   (You bought it in a shop on level 12 of the Dungeon)

   [ring of protection]

   AC:        It affects your AC (+4).
   Int:       It affects your intelligence (+2).
   SInv:      It lets you see invisible.
   Will:      It increases your willpower.
 L - a +6 ring of strength (on tentacle)
 O - a +6 ring of intelligence (on tentacle)
Wands
 i - a wand of charming (28)
 n - a wand of flame (38) (quivered)
 o - a wand of digging (5)
 q - a wand of mindburst (23)
 s - a wand of polymorph (9)
 y - a wand of iceblast (19)
Scrolls
 b - 16 scrolls of teleportation
 d - 4 scrolls of enchant armour
 f - 4 scrolls of enchant weapon
 v - a scroll of magic mapping
 z - 4 scrolls of fear
 D - 6 scrolls of amnesia
 G - 3 scrolls of blinking
 I - 7 scrolls of identify
 M - a scroll of fog
 N - a scroll of brand weapon
Potions
 a - 5 potions of lignification
 c - 3 potions of attraction
 g - 5 potions of cancellation
 h - a potion of haste
 j - 7 potions of flight
 k - 5 potions of brilliance
 l - 5 potions of mutation
 m - 5 potions of curing
 p - 3 potions of heal wounds
 r - 2 potions of resistance
 u - 2 potions of berserk rage
 x - a potion of invisibility
 E - 5 potions of might
 F - a potion of ambrosia
 H - a potion of magic


   Skills:
 + Level 10.2 Fighting
 + Level 10.4 Dodging
 + Level 10.5 Unarmed Combat
 - Level 12.0 Spellcasting
 - Level 16.0 Transmutations
 - Level 4.0 Ice Magic
 - Level 16.0 Air Magic


You had 20 spell levels left.
You knew the following spells:

 Your Spells              Type           Power      Damage    Failure   Level
a - Storm Form            Tmut/Air       48%        N/A       1%          7
b - Wereblood             Tmut           97%        N/A       0%          2
c - Dragon Form           Tmut           48%        N/A       1%          7
d - Ice Form              Ice/Tmut       78%        N/A       1%          4

Your spell library contained the following spells:

 Spells                   Type           Power      Damage    Failure   Level
 Beastly Appendage        Tmut           100%       N/A       0%          1
 Swiftness                Air            97%        N/A       0%          3
 Apportation              Tloc           44%        N/A       1%          1
 Freeze                   Ice            100%       1d10      1%          1
 Magic Dart               Conj           88%        1d7       1%          1
 Shock                    Conj/Air       100%       1d9       1%          1
 Cigotuvi's Dreadful Rot  Necr/Pois/Air  100%       N/A       1%          2
 Poisonous Vapours        Pois/Air       100%       N/A       1%          2
 Frozen Ramparts          Ice            100%       1d16      1%          3
 Ignite Poison            Fire/Tmut/Pois 59%        N/A       1%          3
 Kindle Blastsparks       Fire/Tloc/Air  100%       2d18      1%          3
 Mephitic Cloud           Conj/Pois/Air  59%        N/A       1%          3
 Spider Form              Tmut/Pois      70%        N/A       1%          3
 Airstrike                Air            48%        2d(7-23)  1%          4
 Petrify                  Tmut/Erth      70%        N/A       1%          4
 Alistair's Intoxication  Tmut/Pois      46%        N/A       1%          5
 Blade Hands              Tmut           48%        N/A       1%          5
 Irradiate                Conj/Tmut      35%        3d23      1%          5
 Blink                    Tloc           44%        N/A       2%          2
 Lesser Beckoning         Tloc           44%        N/A       2%          2
 Searing Ray              Conj           44%        2d6       2%          2
 Hailstorm                Conj/Ice       38%        3d9       2%          3
 Freezing Cloud           Conj/Ice/Air   32%        6-21      3%          5
 Dazzling Flash           Conj/Hex       44%        N/A       4%          3
 Gell's Gravitas          Tloc           22%        N/A       4%          3
 Teleport Other           Tloc           22%        N/A       4%          3
 Statue Form              Tmut/Erth      46%        N/A       10%         6
 Fulminant Prism          Conj/Hex       11%        3d8       16%         4
 Iskenderun's Mystic Bla  Conj/Tloc      22%        2d6       16%         4
 Manifold Assault         Tloc           22%        N/A       16%         4
 Metabolic Englaciation   Hex/Ice        19%        N/A       21%         5
 Starburst                Conj/Fire      11%        6d5       94%         6


Dungeon Overview and Level Annotations

Branches:
Dungeon (15/15)            Temple (1/1) D:7            Lair (5/5) D:8
 Shoals (0/4) Lair:2       Spider (4/4) Lair:3        Slime (0/5) Lair:5
    Orc (2/2) D:10            Elf (0/3) Orc:2        Vaults (0/5) D:14
 Depths (0/4) D:15          IceCv (1/1)

Altars:
Ashenzari
Cheibriados
Dithmenos
Elyvilon
Fedhas
Gozag
Hepliaklqana
Kikubaaqudgha
Makhleb
Nemelex Xobeh
Okawaru
Qazlal
Ru
Sif Muna
Trog
Uskayaw
Vehumet
Wu Jian
Xom
Yredelemnul
Zin

Shops:
D:9 =   D:12 =   D:13 (   Orc:1 ::   Orc:2 ([=*


Innate Abilities, Weirdness & Mutations

You are a lightning-filled tempest!
Your electrical attacks strike out in all directions at once.
You are incredibly evasive.
Your insubstantial body is immune to petrification, constriction, and being set on fire You are flying.
You are immune to poison.
Your armour is entirely melded.
You are incapable of wielding weapons or throwing items.
You cannot wear most types of armour.
You are amphibious.
You can wear up to eight rings at the same time.
((Your skin changes colour to match your surroundings (Stealth+).))
((Your rubbery body absorbs attacks. (AC +1, EV +1)))
((You are camouflaged when in or above water. (Stealth+)))
((You have tentacles for arms and can constrict up to eight enemies at once.))
You possess an exceptional clarity of mind.


Message History

You see here the +0 pair of gloves "Goydiywk" {rN+ Int+7}.
G - 3 scrolls of blinking (gained 1)
Your primal bloodlust is almost over.
You bellow as the wereblood boils in your veins!
Your primal bloodlust has ended. 6 simulacra, an Ice Fiend and a freezing wraith come into view.
The freezing wraith moves out of view.
There are monsters nearby!
There are monsters nearby!
A freezing wraith and an alligator simulacrum come into view.
The harpy simulacrum completely misses you.
The harpy simulacrum closely misses you.
The spriggan defender simulacrum completely misses you.
The harpy simulacrum closely misses you.
The harpy simulacrum completely misses you.
The spriggan defender simulacrum hits you!
The spriggan defender simulacrum freezes you!!!
The alligator simulacrum moves out of view.
You buffet the spriggan defender simulacrum!
The spriggan defender simulacrum is lightly damaged.
You batter the harpy simulacrum!!
The harpy simulacrum vaporises!
The spriggan defender simulacrum completely misses you.
You barely miss the spriggan defender simulacrum.
The spriggan defender simulacrum is lightly damaged.
You buffet the alligator simulacrum!
The spriggan defender simulacrum completely misses you.
The alligator simulacrum bites you but does no damage.
The alligator simulacrum completely misses you.
You blast the alligator simulacrum!!!
The alligator simulacrum vaporises!
You barely miss the spriggan defender simulacrum.
The spriggan defender simulacrum hits you but does no damage.
The Ice Fiend gestures at you.
The bolt of cold hits the minotaur simulacrum.
The minotaur simulacrum completely resists.
The bolt of cold hits you!!!!
Ouch! That really hurt!
You die...
Your body crumbles into a pile of gold.

## ########## #.
#Zv.##...#########.
#.Z°##...##...#..#...
#.W.Z#
########..#....#
..W1Z# #..#####.~
...Z# ##..##..~# ##..
###...##~ ## #### ##


You could see an Ice Fiend, 2 freezing wraiths, 2 alligator simulacra, a golden
dragon simulacrum, a spriggan defender simulacrum and a minotaur simulacrum.

Vanquished Creatures
  Nikola (Spider:1)
  Arachne (Spider:3)
  Rupert (D:13)
  Donald (Orc:2)
  The ghost of Newt the Tortoise, an adept DsGl of Hepliaklqana (Spider:2)
  2 emperor scorpions
  3 ghost moths
  An orc warlord (Orc:2)
  4 broodmothers
  Nessos (Orc:2)
  The ghost of soul19 the Grappler, a journeyman TrFi of Qazlal (Lair:3)
  2 spark wasps
  An entropy weaver (Spider:2)
  Harold (D:9)
  3 radroaches
  5 hydras
  5 jorogumos
  4 catoblepae
  8 centaur warriors
  10 two-headed ogres
  2 ogre magi (D:15)
  3 boulder beetles
  12 death yaks (Lair:5)
  A death scarab (Spider:2)
  3 orc high priests
  Urug (Lair:3)
  Sonja (D:13)
  Nergalle (Lair:3)
  The ghost of Rudyous the Trooper, a novice MiFi of Okawaru (D:6)
  3 skeletal warriors (D:14)
  4 orb spiders
  2 pharaoh ants (Spider:3)
  A wizard (D:14)
  5 orc knights
  An obsidian statue (IceCv)
  Pikel (D:6)
  A bog body (IceCv)
  3 steelbarb worms
  3 spriggan simulacra (IceCv)
  A necromancer (D:15)
  6 orc sorcerers
  A deep elf pyromancer (D:13)
  7 wolf spiders
  6 cyclopes
  8 ugly things
  2 manticores (Lair:5)
  A centaur zombie (D:15)
  A moth of wrath (Spider:1)
  3 merfolk sirens (Lair:2)
  7 cane toads
  A naga mage (D:15)
  3 demonic crawlers (Spider:1)
  2 torpor snails (Spider:1)
  A centaur skeleton (D:15)
  An unseen horror (D:12)
  3 gargoyles
  7 rime drakes
  2 efreet (D:15)
  A kobold demonologist (D:11)
  5 komodo dragons
  A freezing wraith (D:15)
  4 yaktaurs
  4 ice devils (IceCv)
  A merfolk (Lair:2)
  27 tarantellas
  3 meliai (D:15)
  3 trolls
  11 polar bears
  9 blink frogs
  Prince Ribbit (D:6)
  7 dream sheep (Lair:4)
  2 centaur simulacra (D:15)
  21 jumping spiders
  8 slime creatures (D:12)
  4 wyverns
  4 shadows
  11 culicivoras
  A water elemental (D:13)
  2 wraiths
  A vampire (D:14)
  Sigmund (D:6)
  54 yaks
  A dire elephant simulacrum (IceCv)
  4 basilisks
  3 hogs
  4 steam dragons
  4 vampire mosquitoes (D:13)
  An acid dragon (D:12)
  5 minotaur simulacra (IceCv)
  A harpy simulacrum (IceCv)
  38 redbacks
  4 wargs (Orc:2)
  A two-headed ogre zombie (D:10)
  29 water moccasins
  31 orc warriors
  4 ice beasts
  2 sky beasts
  7 black bears
  6 ogres
  An alligator simulacrum (IceCv)
  5 wolves
  6 boggarts
  23 centaurs
  A lemure (D:6)
  2 phantoms
  4 kobold brigands
  13 bullfrogs
  Blork the orc (D:5)
  4 necrophages
  6 deep troll simulacra (IceCv)
  3 scorpions
  7 wights (D:6)
  A hornet simulacrum (D:13)
  An electric eel (D:9)
  6 howler monkeys
  22 orc priests
  Crazy Yiuf (D:5)
  2 hounds (D:10)
  4 gnoll boudas
  6 iguanas
  A boggart zombie (D:15)
  24 orc wizards
  7 ogre zombies (D:10)
  16 gnolls
  24 adders
  3 white imps
  2 ufetubi (D:5)
  2 worms
  5 dart slugs
  62 orcs
  4 ball pythons
  10 bats
  9 endoplasms
  4 giant cockroaches
  8 goblins
  7 hobgoblins
  10 jackals
  15 kobolds
  5 quokkas
  6 frilled lizards
  A goblin skeleton (D:10)
  4 goblin zombies (D:10)
  2 hobgoblin zombies (D:10)
  4 orc skeletons (D:10)
  14 orc zombies (D:10)
  4 rats
871 creatures vanquished.

Vanquished Creatures (others)
  A human (D:8)
  An orc wizard (D:5)
  A gnoll (D:7)
  14 fungi
  24 plants
41 creatures vanquished.

Grand Total: 912 creatures vanquished

Notes
Turn   | Place    | Note
-------+----------+-------------------------------------------
     0 | D:1      | wormed the Octopode Transmuter began the quest for the Orb.
     0 | D:1      | Reached XP level 1. HP: 13/13 MP: 3/3
   126 | D:1      | Reached XP level 2. HP: 15/18 MP: 3/5
   275 | D:1      | Learned a level 2 spell: Wereblood
   313 | D:1      | Reached XP level 3. HP: 23/23 MP: 3/6
  1111 | D:2      | Reached XP level 4. HP: 28/28 MP: 4/7
  1127 | D:2      | Learned a level 4 spell: Ice Form
  1410 | D:2      | Found a faded altar of an unknown god.
  2157 | D:3      | Reached skill level 1 in Ice Magic
  2231 | D:3      | Reached XP level 5. HP: 25/34 MP: 4/8
  2236 | D:3      | Identified the +7 dagger "Unwi" {heavy, rC- Dex+4 SInv}
  2273 | D:3      | Noticed a phantom
  2287 | D:3      | Killed a phantom
  2635 | D:4      | Noticed a centaur
  2645 | D:4      | Killed a centaur
  2646 | D:4      | Reached XP level 6. HP: 31/39 MP: 5/10
  2813 | D:4      | Identified the +7 spear "Zinka" {freeze, Will+ Dex+5}
  3475 | D:5      | Entered Level 5 of the Dungeon
  3547 | D:5      | Noticed a black bear
  3555 | D:5      | Killed a black bear
  3556 | D:5      | Reached XP level 7. HP: 45/45 MP: 7/11
  3641 | D:5      | Noticed Blork the orc
  3678 | D:5      | Killed Blork the orc
  3770 | D:5      | Reached skill level 5 in Transmutations
  3780 | D:5      | Reached XP level 8. HP: 52/52 MP: 10/13
  3877 | D:5      | Found a stormy altar of Qazlal.
  4251 | D:5      | Found a snail-covered altar of Cheibriados.
  4385 | D:5      | Found a runed translucent door.
  4386 | D:5      | Noticed Crazy Yiuf
  4602 | D:5      | Killed Crazy Yiuf
  4748 | D:6      | Noticed Sigmund
  4754 | D:6      | Killed Sigmund
  4876 | D:6      | Reached XP level 9. HP: 38/58 MP: 13/15
  4885 | D:6      | Reached skill level 5 in Unarmed Combat
  4885 | D:6      | Found a runed translucent door.
  4885 | D:6      | Noticed Rudyous's ghost (novice MiFi)
  5443 | D:6      | Noticed Prince Ribbit
  5452 | D:6      | Killed Prince Ribbit
  5453 | D:6      | Reached skill level 5 in Dodging
  5460 | D:6      | Noticed Pikel
  5469 | D:6      | Killed Pikel
  5470 | D:6      | Reached skill level 5 in Spellcasting
  5473 | D:6      | Reached skill level 5 in Fighting
  5792 | D:6      | Found an ornate altar of the Wu Jian Council.
  6041 | D:7      | Reached XP level 10. HP: 56/66 MP: 13/17
  6276 | D:7      | Found a staircase to the Ecumenical Temple.
  6282 | Temple   | Entered the Ecumenical Temple
  6551 | Temple   | Became a worshipper of Gozag Ym Sagoz the Greedy
  7217 | D:8      | You fall into a shaft and drop 2 floors!
  7217 | D:10     | Entered Level 10 of the Dungeon
  7752 | D:8      | Found an ancient bone altar of Kikubaaqudgha.
  8217 | D:8      | Found a staircase to the Lair.
  8333 | Lair:1   | Entered Level 1 of the Lair of Beasts
  8615 | Lair:1   | Noticed a cane toad
  8627 | Lair:1   | Killed a cane toad
  8628 | Lair:1   | Reached XP level 11. HP: 60/74 MP: 14/20
  8876 | D:9      | Noticed Harold
  8892 | D:9      | Killed Harold
  9048 | D:9      | Reached skill level 10 in Transmutations
  9379 | D:10     | Found a staircase to the Orcish Mines.
  9486 | D:10     | Found a huge runed translucent gate.
  9486 | D:10     | Found a huge runed translucent gate.
  9486 | D:10     | Found a huge runed translucent gate.
  9486 | D:10     | Found a huge runed translucent gate.
 10788 | D:9      | Bought a +6 ring of intelligence for 504 gold pieces
 10788 | D:9      | Bought a +4 ring of protection for 504 gold pieces
 11083 | D:11     | Reached XP level 12. HP: 81/81 MP: 17/22
 11136 | D:11     | Learned a level 7 spell: Dragon Form
 11197 | D:11     | Noticed a centaur warrior
 11207 | D:11     | Killed a centaur warrior
 11212 | D:11     | Identified the +1 robe "Kulon" {Harm *Slow rN++ Will+}
 11754 | D:11     | Noticed a boulder beetle
 11768 | D:11     | Gained mutation: You are frail. (-10% HP) [mutagenic glow]
 11769 | D:11     | Killed a boulder beetle
 13162 | Lair:2   | Learned a level 7 spell: Storm Form
 13162 | Lair:2   | Gained mutation: You occasionally lose the ability to read
                  | scrolls when taking damage. [mutagenic glow]
 13188 | Lair:2   | Gained mutation: You are very frail. (-20% HP) [mutagenic
                  | glow]
 13259 | Lair:2   | Found a staircase to the Shoals.
 13262 | Lair:2   | Reached skill level 1 in Air Magic
 13350 | Lair:2   | Reached XP level 13. HP: 71/71 MP: 17/25
 13435 | Lair:2   | Reached skill level 5 in Air Magic
 14190 | D:9      | Bought the ring "Kuuhell" {EV+5 Slay+5} for 896 gold pieces
 14287 | Lair:3   | Noticed Nergalle
 14296 | Lair:3   | Killed Nergalle
 14610 | Lair:3   | Found a hole to the Spider Nest.
 14626 | Lair:3   | Noticed Urug
 14633 | Lair:3   | Killed Urug
 15202 | Lair:3   | Identified the +6 dagger "Impslayer" {vamp, rF- rC+ Dex+2}
 15293 | Lair:3   | Found a runed translucent door.
 15402 | Lair:3   | Noticed soul19's ghost (journeyman TrFi)
 16377 | Lair:5   | Entered Level 5 of the Lair of Beasts
 16461 | Lair:5   | Found a staircase to the Slime Pits.
 16657 | Lair:5   | Reached skill level 10 in Air Magic
 17087 | Lair:5   | Reached XP level 14. HP: 76/76 MP: 19/26
 17663 | Lair:5   | Found the +6 arbalest "Damnation" {damnation}
 17708 | Lair:5   | Identified the +11 war axe "Womikhlio" {speed, rN+}
 19003 | D:12     | Bought the ring of Lepamy {Will+ AC+4 Int+2 SInv} for 1026
                  | gold pieces
 19203 | D:13     | Noticed Rupert
 19210 | D:13     | Killed Rupert
 19518 | D:13     | Noticed Sonja
 19537 | D:13     | Killed Sonja
 19597 | D:13     | Found Vatoh's Weapon Emporium.
 20416 | D:13     | Gained mutation: Your body sometimes deteriorates upon
                  | taking damage. [mutagenic glow]
 20623 | D:14     | Reached XP level 15. HP: 73/80 MP: 23/27
 20781 | D:14     | Found a gate to the Vaults.
 21467 | D:15     | Entered Level 15 of the Dungeon
 21812 | D:15     | Reached skill level 15 in Transmutations
 22054 | D:15     | Found an opulent altar of Gozag.
 22632 | D:15     | Found a staircase to the Depths.
 22676 | D:15     | Found an ornate altar of the Wu Jian Council.
 22929 | Orc:1    | Entered Level 1 of the Orcish Mines
 22934 | Orc:1    | Reached skill level 15 in Air Magic
 23386 | Orc:1    | Found Paimoaje's Book Emporium.
 23567 | Orc:2    | Entered Level 2 of the Orcish Mines
 23598 | Orc:2    | Noticed Donald
 23609 | Orc:2    | Killed Donald
 23695 | Orc:2    | Found a staircase to the Elven Halls.
 23724 | Orc:2    | Noticed Nessos
 23733 | Orc:2    | Killed Nessos
 23833 | Orc:2    | Noticed an orc warlord
 23855 | Orc:2    | Reached XP level 16. HP: 55/84 MP: 9/29
 23875 | Orc:2    | Found Xunaiso's General Store.
 24215 | Orc:2    | Found a burning altar of Makhleb.
 24306 | Orc:2    | Found Qaoklodgh's Jewellery Shop.
 24312 | Orc:2    | Bought a +6 ring of strength for 576 gold pieces
 24312 | Orc:2    | Bought a +6 ring of intelligence for 576 gold pieces
 24330 | Orc:2    | Found Fimnyz's Antique Weapon Shop.
 24385 | Orc:2    | Found Zili's Antique Armour Shop.
 24423 | Orc:2    | Lost mutation: You are very frail. (-20% HP) [potion of
                  | mutation]
 24423 | Orc:2    | Lost mutation: You are frail. (-10% HP) [potion of
                  | mutation]
 24423 | Orc:2    | Lost mutation: Your body sometimes deteriorates upon taking
                  | damage. [potion of mutation]
 24423 | Orc:2    | Gained mutation: You are robust. (+10% HP) [potion of
                  | mutation]
 24424 | Orc:2    | Lost mutation: You are robust. (+10% HP) [potion of
                  | mutation]
 24424 | Orc:2    | Lost mutation: You occasionally lose the ability to read
                  | scrolls when taking damage. [potion of mutation]
 24424 | Orc:2    | Gained mutation: You sometimes lose your temper in combat.
                  | [potion of mutation]
 24424 | Orc:2    | Gained mutation: One of your tentacles bears a spike.
                  | [potion of mutation]
 24425 | Orc:2    | Lost mutation: One of your tentacles bears a spike. [potion
                  | of mutation]
 24425 | Orc:2    | Lost mutation: You sometimes lose your temper in combat.
                  | [potion of mutation]
 24425 | Orc:2    | Gained mutation: You occasionally lose the ability to drink
                  | potions when taking damage. [potion of mutation]
 24425 | Orc:2    | Gained mutation: One of your tentacles bears a spike.
                  | [potion of mutation]
 24426 | Orc:2    | Lost mutation: You occasionally lose the ability to drink
                  | potions when taking damage. [potion of mutation]
 24426 | Orc:2    | Lost mutation: One of your tentacles bears a spike. [potion
                  | of mutation]
 24426 | Orc:2    | Gained mutation: You are frail. (-10% HP) [potion of
                  | mutation]
 24427 | Orc:2    | Lost mutation: You are frail. (-10% HP) [potion of
                  | mutation]
 24427 | Orc:2    | Gained mutation: You possess an exceptional clarity of
                  | mind. [potion of mutation]
 24656 | Spider:1 | Entered Level 1 of the Spider Nest
 24662 | Spider:1 | Reached skill level 10 in Spellcasting
 25392 | Spider:1 | Noticed Nikola
 25405 | Spider:1 | Killed Nikola
 26326 | Spider:2 | Found a runed translucent gate.
 26326 | Spider:2 | Found a runed translucent gate.
 26355 | Spider:2 | Noticed Newt's ghost (adept DsGl)
 26556 | Spider:2 | Found a runed translucent gate.
 26620 | Spider:2 | Killed Newt's ghost
 26930 | D:6      | Killed Rudyous's ghost
 27084 | Lair:3   | Killed soul19's ghost
 27453 | Spider:3 | Reached XP level 17. HP: 113/113 MP: 33/33
 27469 | Spider:3 | Noticed Arachne
 27481 | Spider:3 | Killed Arachne
 27733 | Spider:3 | Reached skill level 10 in Unarmed Combat
 27746 | Spider:3 | Reached skill level 10 in Dodging
 28480 | Spider:4 | Entered Level 4 of the Spider Nest
 28554 | Spider:4 | Reached skill level 10 in Fighting
 28701 | Spider:4 | Found a frozen archway.
 28786 | IceCv    | Entered an ice cave
 29164 | IceCv    | Identified the +0 pair of gloves "Goydiywk" {rN+ Int+7}
 29185 | IceCv    | Noticed an Ice Fiend
 29189 | IceCv    | Killed from afar by an Ice Fiend

Illustrated notes

Levels and vault maps discovered:
D:1:      roderic_chinese_lattice_arrival, layout_basic
D:2:      layout_loops_ring, hellmonk_ecumenical_altar_leap_of_faith,
          reono_crystal_passage, chequers_serial_rivers_room_b,
          kennysheep_generic_room_11
D:3:      layout_rooms
D:4:      layout_basic, supply_closet_lemuel
D:5:      minmay_diamond_boxcup, layout_basic, nicolae_qazlal_eye_of_the_storm,
          kennysheep_slug_shrine, uniq_crazy_yiuf_cottage, uniq_blork_the_orc
D:6:      layout_loops_ring, nicolae_overflow_hidden_temple,
          hellmonk_ghost_happy_afterlife, minmay_stone_trees_small, uniq_pikel,
          uniq_prince_ribbit1, uniq_sigmund
D:7:      layout_rooms, minmay_temple_entry_gardened_gates,
          roderic_roman_lattice, nrook_campfire
D:8:      layout_loops_cross, tgw_kikubaaqudgha, grunt_lair_entry_orc_guard_hut,
          minmay_quadrilaterals
D:9:      layout_rooms, minivault_4, uniq_harold
D:10:     lemuel_bear_cage, layout_basic, zombieorc2_lemuel
D:11:     layout_grid_maze
D:12:     layout_basic
D:13:     lemuel_reptile_caves, layout_basic, serial_shops,
          nicolae_take_the_stairs, uniq_sonja, uniq_rupert
D:14:     layout_loops_ring, hangedman_vaults_entry_quadrant_bands
D:15:     grunt_enter_depths_magical_seal, layout_loops_corners,
          lemuel_tele_altar, nicolae_gozag_seed_capital
Temple:   hc_temple_tempest_star
Lair:1:   layout_regular_city
Lair:2:   layout_gridlike, elwin_shoals_entry_stream, grunt_megastairs_1,
          lemuel_fruit_tree, lemuel_fruit_fields
Lair:3:   layout_layer_cave, dummy_spider_entry, ebering_ghost_reflecting_pool,
          uniq_urug, uniq_nergalle
Lair:4:   layout_regular_city
Lair:5:   evilmike_catoblepas_cave, layout_concentric_octagons, slime_entry_1,
          enter_volcano_1
Spider:1: nicolae_spider_hilbert_zone_3 [nicolae_spider_hilbert_4_sides_2_open,
          nicolae_spider_hilbert_3_sides_1_open,
          nicolae_spider_hilbert_3_sides_1_open,
          nicolae_spider_hilbert_3_sides_1_open,
          nicolae_spider_hilbert_3_sides_1_open,
          nicolae_spider_hilbert_4_sides_1_open,
          nicolae_spider_hilbert_4_sides_1_open,
          nicolae_spider_hilbert_4_sides_1_open,
          nicolae_spider_hilbert_4_sides_1_open,
          nicolae_spider_hilbert_4_sides_1_open,
          nicolae_spider_hilbert_4_sides_1_open,
          nicolae_spider_hilbert_4_sides_1_open,
          nicolae_spider_hilbert_4_sides_1_open,
          nicolae_spider_hilbert_3_sides_1_open,
          nicolae_spider_hilbert_3_sides_1_open,
          nicolae_spider_hilbert_3_sides_1_open,
          nicolae_spider_hilbert_3_sides_1_open], uniq_nikola
Spider:2: nicolae_spider_mines_2, gammafunk_ghost_split
Spider:3: layout_cave_pods, drop_trap, nicolae_spider_checkerboard,
          hangedman_spider_tarantella_strand, uniq_arachne
Spider:4: spider_rune_water, portal_ice_cave_entry_pillars_four,
          nicolae_spider_webbed_stairs, uniq_agnes
Orc:1:    layout_caves, serial_shops, nicolae_shop_crystal, basic_altar
Orc:2:    grunt_orc_cross, layout_caves, david_defended_altar_orc, uniq_nessos,
          uniq_donald
IceCv:    ice_cave_caverns_03

Skill      XL: |  1  2  3  4  5  6  7  8  9 10 11 12 13 14 15 16 17 |
---------------+----------------------------------------------------+-----
Transmutations | 3 4 5 6 8 9 11 12 14 15 16 | 16.0
Ice Magic      | 1 2 3 4 |  4.0
Fighting       | 2 3 4 5 6 7 8 9 10 | 10.2
Dodging        | 3 4 5 6 7 8 9 10 | 10.4
Spellcasting   | 3 4 5 6 7 8 9 12 | 12.0
Unarmed Combat | 4 5 7 8 9 10 | 10.5
Air Magic      | 4 11 13 15 16 | 16.0

Action                   |  1- 3 |  4- 6 |  7- 9 | 10-12 | 13-15 | 16-18 || total
-------------------------+-------+-------+-------+-------+-------+-------++-------
Melee: Unarmed           |    84 |   134 |   238 |   584 |   598 |   353 ||  1991
       Constrict         |    24 |    17 |     2 |     2 |       |       ||    45
       Tentacles         |    19 |    18 |     2 |     6 |     1 |       ||    46
       Kick              |    19 |    17 |       |       |       |       ||    36
       Punch             |     2 |     2 |       |     5 |    38 |    30 ||    77
       Tailslap          |       |       |       |    18 |    29 |       ||    47
       Bite              |       |       |       |    18 |    28 |       ||    46
       Staff             |       |       |       |       |     6 |       ||     6
 Cast: Beastly Appendage |    17 |    19 |       |       |       |       ||    36
       Wereblood         |    12 |    22 |    19 |    41 |    30 |    35 ||   159
       Ice Form          |       |     9 |    25 |    42 |       |       ||    76
       Dragon Form       |       |       |       |    14 |    24 |       ||    38
       Storm Form        |       |       |       |       |    48 |    34 ||    82
Invok: Call Merchant     |       |       |       |     1 |     1 |     1 ||     3
 Abil: Blinkbolt         |       |       |       |       |     2 |     1 ||     3
Evoke: Wand              |       |       |       |     7 |       |       ||     7
  Use: Scroll            |     2 |     8 |     1 |    11 |     6 |     3 ||    31
       Potion            |       |       |     2 |     6 |     3 |     5 ||    16
 Stab: Sleeping          |     3 |     5 |       |     2 |       |       ||    10
       Distracted        |       |       |       |     2 |     4 |       ||     6
Armor: Skin              |    13 |    32 |    92 |   254 |   159 |    80 ||   630
Dodge: Dodged            |    73 |    86 |   123 |   305 |   537 |   350 ||  1474

Table legend: (Time is in decaauts)
 A = Elapsed time spent in this place.
 B = Non-inter-level travel time spent in this place.
 C = Inter-level travel time spent in this place.
 D = Time resting spent in this place.
 E = Time spent auto-exploring this place.
 F = Levels seen in this place.
 G = Mean time per level.
                   A        B        C        D        E       F      G
               +--------+--------+--------+--------+--------+-----+--------+
         Total |  28960 |  27178 |   1782 |    228 |  22300 |  28 | 1034.3 |
       Dungeon |  16687 |  15636 |   1051 |    228 |  12597 |  15 | 1112.5 |
        Temple |    281 |    270 |     11 |      0 |    238 |   1 |  281.0 |
          Lair |   6294 |   5775 |    519 |      0 |   4902 |   5 | 1258.8 |
   Spider Nest |   3724 |   3616 |    108 |      0 |   3030 |   4 |  931.0 |
  Orcish Mines |   1576 |   1484 |     92 |      0 |   1214 |   2 |  788.0 |
      Ice Cave |    395 |    395 |      0 |      0 |    319 |   1 |  395.0 |
               +--------+--------+--------+--------+--------+-----+--------+

Top non-repeatable levels by time:
    D:10: 1568 daAuts
  Lair:5: 1416 daAuts
Spider:1: 1377 daAuts
    D:13: 1343 daAuts
  Lair:1: 1342 daAuts
  Lair:3: 1330 daAuts
    D:15: 1324 daAuts
     D:6: 1289 daAuts
    D:11: 1266 daAuts
Spider:3: 1264 daAuts
  Lair:2: 1258 daAuts
     D:8: 1252 daAuts
     D:5: 1201 daAuts
    D:12: 1103 daAuts
    D:14: 1061 daAuts
